 Dungeon Crawl Stone Soup version 0.27-a0-1060-gcb85b5eba1 (webtiles) character file.

Game seed: 16677765224715199370

9493 porpoise the Fighter (level 11, -4/86 HPs)
             Began as a Djinni Venom Mage on Apr 22, 2021.
             Was a Follower of Makhleb.
             Slain by a sixfirhy (10 damage)
             ... on level 2 of the Abyss.
             The game lasted 00:47:17 (14314 turns).

porpoise the Fighter (Djinni Venom Mage)           Turns: 14314, Time: 00:47:19

Health: -4/86      AC:  6    Str:  7    XL:     11   Next: 47%
Gold:   380        EV: 14    Int: 20    God:    Makhleb [*.....] SH:  5 Dex: 14

rFire    + + +     SeeInvis .   a - +2 long sword (holy)
rCold    . . .     Faith    .   q - +0 buckler
rNeg     . . .     Spirit   .   J - +2 robe {rC+ rF+}
rPois    ∞         Reflect  .   (no helmet)
rElec    .         Harm     .   E - +0 cloak
rCorr    .         Rampage  .   g - +0 pair of gloves
Will     ++...                  (boots unavailable)
Stlth    +++.......             (no amulet)
HPRegen  0.24/turn              M - ring of willpower
MPRegen  0.00/turn              (no ring)

@: flying
A: fire resistance 2, cold vulnerability 1, float, innate caster, hp casting,
extra vitality 1
a: Renounce Religion


You were on level 2 of the Abyss.
You worshipped Makhleb.
Makhleb was aware of your devotion.
You visited 2 branches of the dungeon, and saw 11 of its levels.
You visited the Abyss 1 time.

You collected 512 gold pieces.
You spent 132 gold pieces at shops.

Inventory:

Hand Weapons
 a - a +2 long sword of holy wrath (weapon)
 b - a +0 hunting sling
 F - the +11 trident of Bankruptcy {venom, Contam *Noise rCorr Str+7}
   (You found it on level 8 of the Dungeon)

   It poisons the flesh of those it strikes.
   It affects your strength (+7).
   It may make noises in combat.
   It causes magical contamination when unequipped.
   It protects you from acid and corrosion.
 N - a +2 scimitar of flaming
Missiles
 e - 361 stones
 k - 55 bolts
 l - 189 arrows
 m - 4 boomerangs of dispersal
 n - 84 poisoned darts
 o - 2 throwing nets
 p - 36 sling bullets
Armour
 g - a +0 pair of gloves (worn)
 q - a +0 buckler (worn)
 w - +0 acid dragon scales
 E - a +0 cloak (worn)
 J - a +2 robe of resistance (worn)
 L - a +2 robe of willpower
Jewellery
 D - a ring of fire
 M - a ring of willpower (left hand)
Wands
 i - a wand of charming (18)
 y - a wand of digging (5)
 B - a wand of polymorph (11)
 K - a wand of mindburst (8)
Scrolls
 d - a scroll of immolation
 f - a scroll of noise
 r - 9 scrolls of teleportation
 s - a scroll of holy word {unknown}
 v - a scroll of blinking
 C - a scroll of fog {unknown}
 H - a scroll of enchant weapon {unknown}
 I - a scroll of fear {unknown}
Potions
 c - 2 potions of cancellation
 h - 5 potions of curing
 j - a potion of heal wounds
 t - 3 potions of attraction
 u - 3 potions of resistance
 x - a potion of berserk rage {unknown}
 z - a potion of might
 A - a potion of haste
 G - a potion of brilliance


   Skills:
 + Level 10.6 Fighting
 - Level 5.0 Dodging
 - Level 5.0 Stealth
 - Level 4.0 Shields
 + Level 8.2 Spellcasting
 - Level 5.0 Invocations
 - Level 5.0 Evocations


You couldn't memorise any spells.
You knew the following spells:

 Your Spells              Type           Power      Damage    Failure   Level
a - Sting                 Tmut/Pois      100%       1d8       1%          1
c - Call Canine Familiar  Summ           41%        N/A       1%          3
d - Vampiric Draining     Necr           20%        2d8       1%          3
e - Metabolic Englaciati  Hex/Ice        20%        N/A       8%          5
i - Ignite Poison         Fire/Tmut/Pois 41%        N/A       1%          3
m - Mephitic Cloud        Conj/Pois/Air  41%        N/A       1%          3
n - Pain                  Necr           100%       1d9       1%          1
o - Olgreb's Toxic Radia  Pois           41%        N/A       2%          4
s - Static Discharge      Conj/Air       41%        N/A       1%          2
v - Poisonous Vapours     Pois/Air       82%        N/A       1%          2
Your spell library was empty.

Dungeon Overview and Level Annotations

Branches:
Dungeon (10/15)            Temple (1/1) D:5            Lair (0/6) D:10
    Orc: D:9-12

Altars:
Dithmenos
Elyvilon
Fedhas
Gozag
Kikubaaqudgha
Makhleb
Nemelex Xobeh
Okawaru
Qazlal
Ru
Sif Muna
Wu Jian
Zin
The Shining One

Shops:
D:5 *

Annotations:
D:9 2 runed translucent doors - undead
D:10 Joseph, Sonja


Innate Abilities, Weirdness & Mutations

You are immune to poison.
Your flesh is very heat resistant. (rF++)
You are vulnerable to cold. (rC-)
You float through the air rather than walking.
You learn spells naturally, not from books.
Your magical power is your life essence.
You have superior vitality. (+4 HP)


Message History

Press: ? - help, Shift-Dir - straight line, f/p - chaos spawn
Aim: a chaos spawn (translocational energy, wandering, hasn't noticed you, 72% to hit)
The sting hits the chaos spawn!
The chaos spawn is poisoned.
The chaos spawn is moderately wounded.
The chaos spawn shouts!
Casting: Sting (safe; 1% risk of failure)
Confirm with . or Enter, or press ? or * to list all spells.
You ignite the poison in your surroundings!
The chaos spawn seems to burn from within!!
You kill the chaos spawn!
Makhleb accepts your kill.
The chaos spawn degenerates into a cloud of primal chaos!
You start resting.
A sixfirhy comes into view.
Casting: Ignite Poison (safe; 1% risk of failure)
Confirm with . or Enter, or press ? or * to list all spells.
Aiming: Poisonous Vapours (safe; 1% risk of failure)
Press: ? - help, Dir - move target, f - sixfirhy
Aim: a sixfirhy (wandering, hasn't noticed you) Poisonous vapours surround the sixfirhy!
The sixfirhy is poisoned.
The sixfirhy hits you! The sixfirhy shocks you! The sixfirhy hits you!
The sixfirhy shocks you!
* * * LOW HITPOINT WARNING * * *
The sixfirhy completely misses you.
Casting: Poisonous Vapours (safe; 1% risk of failure)
Confirm with . or Enter, or press ? or * to list all spells.
You ignite the poison in your surroundings!
The sixfirhy seems to burn from within!
The sixfirhy is moderately wounded.
* * * LOW HITPOINT WARNING * * *
Unknown command.
You are too injured to fight recklessly!
You are too injured to fight recklessly!
You closely miss the sixfirhy.
The sixfirhy is moderately wounded.
A large abomination comes into view.
The sixfirhy hits you!
* * * LOW HITPOINT WARNING * * *
The sixfirhy shocks you!
You die...

#### .
.#. #.
#.. #.#
## ..
...#. .#
#.3#.#
#@# #
#.....# #
#.....#
.##......
#. .#...#
# ##X.##
##


You could see a large abomination (wandering) and a sixfirhy.

Vanquished Creatures
  A boulder beetle (D:10)
  Erolcha (D:9)
  A two-headed ogre (D:9)
  A centaur warrior (D:9)
  Nergalle (D:10)
  Pikel (D:6)
  2 manticores
  Maurice (D:8)
  Maggie (D:9)
  An efreet (Abyss:2)
  A kobold demonologist (D:9)
  A shadow (D:10)
  A steam dragon (D:10)
  A wyvern (D:9)
  A chaos spawn (Abyss:2)
  2 water moccasins (D:6)
  2 orc warriors
  An ice beast (D:7)
  2 black bears
  2 sky beasts
  2 ogres
  A boggart (D:10)
  3 lemures (D:6)
  5 centaurs
  2 kobold brigands (D:9)
  3 bullfrogs
  A wyvern zombie (D:7)
  5 scorpions
  A killer bee (D:9)
  3 wights (D:10)
  2 centaur zombies
  A jelly (D:6)
  2 hounds
  2 centaur skeletons
  A gnoll shaman (D:3)
  2 orc wizards
  8 gnolls
  5 adders
  2 white imps
  An ufetubus (D:5)
  5 worms
  2 dart slugs
  15 orcs
  8 ball pythons
  3 endoplasms (D:1)
  7 giant cockroaches
  3 goblins
  8 hobgoblins
  7 jackals
  12 kobolds
  3 quokkas
  8 bats
  3 frilled lizards (D:1)
  8 rats
169 creatures vanquished.

Vanquished Creatures (collateral kills)
  A water moccasin (D:7)
  A sky beast (D:8)
  2 necrophages
  A wyvern zombie (D:5)
  A wight (D:10)
  A jelly (D:6)
  A howler monkey zombie (D:7)
8 creatures vanquished.

Vanquished Creatures (others)
  A wraith (D:10)
  2 plants (D:7)
3 creatures vanquished.

Grand Total: 180 creatures vanquished

Notes
Turn   | Place    | Note
-------+----------+-------------------------------------------
     0 | D:1      | porpoise the Djinni Venom Mage began the quest for the Orb.
     0 | D:1      | Reached XP level 1. HP: 15/15 MP: 0/0
   174 | D:1      | Reached skill level 1 in Fighting
   174 | D:1      | Reached XP level 2. HP: 17/22 MP: 0/0
   779 | D:1      | Reached XP level 3. HP: 23/28 MP: 0/0
   779 | D:1      | Learned a level 1 spell: Pain
  1371 | D:2      | Reached skill level 2 in Fighting
  1708 | D:2      | Reached XP level 4. HP: 28/34 MP: 0/0
  2723 | D:3      | Found a faded altar of an unknown god.
  2945 | D:3      | Reached skill level 3 in Fighting
  2945 | D:3      | Reached XP level 5. HP: 30/40 MP: 0/0
  2945 | D:3      | Learned a level 2 spell: Static Discharge
  3283 | D:3      | Found a shadowy altar of Dithmenos.
  3295 | D:3      | Found a sparkling altar of Nemelex Xobeh.
  4596 | D:4      | Noticed an ogre
  4606 | D:4      | Killed an ogre
  4607 | D:4      | Reached skill level 4 in Fighting
  4607 | D:4      | Reached XP level 6. HP: 39/47 MP: 0/0
  5617 | D:4      | Noticed a black bear
  5751 | D:4      | Killed a black bear
  5752 | D:4      | Reached XP level 7. HP: 44/53 MP: 0/0
  5752 | D:4      | Learned a level 3 spell: Call Canine Familiar
  6089 | D:5      | Entered Level 5 of the Dungeon
  6194 | D:5      | Reached skill level 5 in Fighting
  6194 | D:5      | Reached skill level 5 in Spellcasting
  6709 | D:5      | Found Umady's Assorted Antiques.
  6913 | D:5      | Found a staircase to the Ecumenical Temple.
  6947 | D:5      | Bought a scroll labelled AKOKOA NED SIH for 20 gold pieces
  6947 | D:5      | Bought a black potion for 18 gold pieces
  6947 | D:5      | Bought a scroll labelled UNKUITT DIPRED for 20 gold pieces
  6947 | D:5      | Bought a glowing robe for 74 gold pieces
  7086 | Temple   | Entered the Ecumenical Temple
  7133 | Temple   | Became a worshipper of Makhleb the Destroyer
  7313 | D:5      | Reached skill level 6 in Fighting
  7313 | D:5      | Reached XP level 8. HP: 50/61 MP: 0/0
  7989 | D:6      | Reached skill level 7 in Fighting
  8455 | D:6      | Noticed Pikel
  8459 | D:6      | Killed Pikel
  8460 | D:6      | Reached skill level 5 in Dodging
  8460 | D:6      | Reached skill level 1 in Shields
  8460 | D:6      | Reached XP level 9. HP: 51/68 MP: 0/0
  8460 | D:6      | Learned a level 3 spell: Vampiric Draining
  8728 | D:7      | Noticed a manticore
  8731 | D:7      | Killed a manticore
  8732 | D:7      | Reached skill level 1 in Evocations
  9502 | D:7      | Found a sacrificial altar of Ru.
  9668 | D:8      | Noticed Maurice
  9676 | D:8      | Killed Maurice
  9677 | D:8      | Reached XP level 10. HP: 47/75 MP: 0/0
  9943 | D:8      | Reached * piety under Makhleb
  9944 | D:8      | Reached skill level 5 in Stealth
  9978 | D:8      | Identified the +11 trident of Bankruptcy {venom, Contam
                  | *Noise rCorr Str+7}
 10388 | D:8      | Reached skill level 1 in Invocations
 10388 | D:8      | Reached skill level 5 in Evocations
 10672 | D:9      | Noticed a two-headed ogre
 10674 | D:9      | Noticed a manticore
 10678 | D:9      | Killed a two-headed ogre
 10678 | D:9      | Killed a manticore
 10678 | D:9      | Noticed a centaur warrior
 10679 | D:9      | Reached skill level 8 in Fighting
 10951 | D:9      | Killed a centaur warrior
 11562 | D:9      | Noticed Erolcha
 11571 | D:9      | Killed Erolcha
 11572 | D:9      | Reached skill level 9 in Fighting
 11572 | D:9      | Reached skill level 5 in Invocations
 12106 | D:9      | Noticed Maggie
 12113 | D:9      | Killed Maggie
 12114 | D:9      | Reached XP level 11. HP: 72/85 MP: 0/0
 12114 | D:9      | Learned a level 5 spell: Metabolic Englaciation
 12263 | D:9      | Found a runed translucent door.
 12629 | D:9      | Found an iron altar of Okawaru.
 12718 | D:9      | Found a runed translucent door.
 13176 | D:10     | Entered Level 10 of the Dungeon
 13176 | D:10     | Noticed Joseph
 13176 | D:10     | Noticed Sonja
 13177 | D:10     | Noticed a boulder beetle
 13181 | D:10     | Killed a boulder beetle
 13182 | D:10     | Reached skill level 10 in Fighting
 13445 | D:10     | Found an ornate altar of the Wu Jian Council.
 13783 | D:10     | Noticed Nergalle
 13786 | D:10     | Killed Nergalle
 13988 | D:10     | Found a staircase to the Lair.
 14101 | D:10     | Cast into level 2 of the Abyss (Sonja)
 14311 | Abyss:2  | Noticed a sixfirhy
 14314 | Abyss:2  | Slain by a sixfirhy

Illustrated notes

Levels and vault maps discovered:
D:1:      dpeg_arrival_tiny_f, layout_rooms
D:2:      layout_loops_ring, basic_altar
D:3:      layout_basic, amethyst_overflow_temple_binary,
          hellmonk_ecumenical_altar_run_dry, kennysheep_crisscross
D:4:      layout_loops_corners
D:5:      layout_rooms, minmay_temple_entry_grid, serial_shops, shop_statue
D:6:      layout_rooms, feat_on_display, uniq_pikel
D:7:      layout_cave_pools, nicolae_ru_path_of_blood, serial_park,
          serial_park_central [serial_park_minivault_5x5_6,
          serial_park_minivault_5x5_8], hangedman_abyss_or_decor_lesser_grid,
          serial_bayou_pond_c
D:8:      layout_cave_pools, corner_web_ring, uniq_maurice
D:9:      cheibrodos_histonic, layout_basic, lemuel_coloured_pillars_altar,
          minmay_chambers_of_fives, uniq_erolcha, uniq_maggie
D:10:     minmay_diamond_stairs, layout_cross, lemuel_doored_altar,
          nzn_wu_jian_council_hall, orc_0_dummy, chequers_hall_statues_y,
          uniq_nergalle, uniq_joseph, uniq_sonja
Temple:   regret_index_temple_sphere_string
Abyss:2:  base: Temple, gammafunk_corrupted_shrine

Skill      XL: |  1  2  3  4  5  6  7  8  9 10 11 |
---------------+----------------------------------+-----
Fighting       | 1 2 3 4 6 7 9 10 | 10.6
Spellcasting   | 3 4 5 7 8 |  8.2
Dodging        | 5 |  5.0
Stealth        | 2 4 5 |  5.0
Shields        | 1 4 |  4.0
Evocations     | 4 5 |  5.0
Invocations    | 5 |  5.0

Action                   |  1- 3 |  4- 6 |  7- 9 | 10-12 || total
-------------------------+-------+-------+-------+-------++-------
Melee: Unarmed           |     2 |       |       |       ||     2
       Dagger            |    13 |       |       |       ||    13
       Long sword        |     7 |     4 |    21 |    24 ||    56
 Fire: Hunting sling     |       |    19 |    38 |    19 ||    76
 Cast: Sting             |    46 |     3 |     2 |     2 ||    53
       Pain              |    15 |    17 |     7 |       ||    39
       Poisonous Vapours |     4 |    56 |    34 |    19 ||   113
       Ignite Poison     |     1 |    13 |    32 |    43 ||    89
       Call Canine Famil |       |       |     9 |     4 ||    13
       Static Discharge  |       |       |     3 |     8 ||    11
       Olgreb's Toxic Ra |       |       |     5 |    17 ||    22
       Mephitic Cloud    |       |       |     2 |     4 ||     6
       Metabolic Englaci |       |       |       |     1 ||     1
Evoke: Wand              |       |     1 |       |     5 ||     6
  Use: Scroll            |       |       |     6 |    10 ||    16
       Potion            |       |       |       |     1 ||     1
 Stab: Sleeping          |       |       |       |     1 ||     1
Armor: Robe              |     6 |     2 |    10 |    24 ||    42
Dodge: Dodged            |    24 |    15 |    36 |    54 ||   129
Block: Buckler           |       |       |       |    29 ||    29
       Rpst.: Long sword |     3 |     1 |     5 |     3 ||    12

Table legend: (Time is in decaauts)
 A = Elapsed time spent in this place.
 B = Non-inter-level travel time spent in this place.
 C = Inter-level travel time spent in this place.
 D = Time resting spent in this place.
 E = Time spent auto-exploring this place.
 F = Levels seen in this place.
 G = Mean time per level.
                   A        B        C        D        E       F      G
               +--------+--------+--------+--------+--------+-----+--------+
         Total |  14340 |  14034 |    306 |   7386 |   5284 |  12 | 1195.0 |
       Dungeon |  14058 |  13774 |    284 |   7291 |   5180 |  10 | 1405.8 |
        Temple |     69 |     47 |     22 |      0 |     39 |   1 |   69.0 |
         Abyss |    212 |    212 |      0 |     95 |     65 |   1 |  212.0 |
               +--------+--------+--------+--------+--------+-----+--------+

Top non-repeatable levels by time:
     D:9: 2066 daAuts
     D:3: 1969 daAuts
     D:4: 1583 daAuts
     D:8: 1431 daAuts
     D:1: 1355 daAuts
     D:6: 1317 daAuts
     D:5: 1251 daAuts
     D:2: 1189 daAuts
     D:7: 966 daAuts
    D:10: 928 daAuts
 Abyss:2: 212 daAuts
  Temple: 69 daAuts
